 Dungeon Crawl Stone Soup version 0.21-a0-297-ga3d34c2 (webtiles) character file.

349 tatters the Magician (level 6, -7/76 HPs)
             Began as a Gnoll Wanderer on Sept 29, 2017.
             Was an Initiate of Cheibriados.
             Killed by divine providence
             ... invoked by an orc priest
              (14 damage)
             ... on level 4 of the Dungeon.
             The game lasted 00:09:32 (3101 turns).

tatters the Magician (Gnoll Wanderer)               Turns: 3101, Time: 00:09:33

Health: -7/76      AC: 23    Str: 16    XL:     6   Next: 60%
Magic:  10/13      EV:  2    Int: 16    God:    Cheibriados [......]
Gold:   37         SH:  0    Dex: 16    Spells: 11/15 levels left

rFire    . . .     SeeInvis .   o - +0 whip (elec)
rCold    . . .     Gourm    .   (no shield)
rNeg     + + +     Faith    .   (armour currently unavailable)
rPois    +         Spirit   .   (helmet currently unavailable)
rElec    .         Reflect  .   (cloak currently unavailable)
rCorr    +         Harm     .   (gloves currently unavailable)
MR       .....     NoTele   +   (boots currently unavailable)
Stlth    +.........             (no amulet)
HPRegen  0.22/turn              n - ring of loudness (curse)
MPRegen  0.13/turn              v - ring of resist corrosion

@: tree-form, very slow
A: distributed training, strong nose
a: Bend Time, Renounce Religion


You were on level 4 of the Dungeon.
You worshipped Cheibriados.
Cheibriados was noncommittal.
You were not hungry.
You were a tree.
You visited 2 branches of the dungeon, and saw 5 of its levels.

You collected 37 gold pieces.

Inventory:

Hand Weapons
 d - a +0 club
 o - a +0 whip of electrocution (weapon)
 q - a +0 dagger of speed
 r - a +0 hunting sling
Missiles
 i - 4 curare-tipped needles
 k - 160 stones (quivered)
 l - 56 arrows
 m - 27 sling bullets
 p - 65 bolts
 u - a tomahawk
Armour
 c - a +0 ring mail (melded)
 h - a +0 pair of boots (melded)
Jewellery
 n - a cursed ring of loudness (left branch)
 v - a ring of resist corrosion (right branch)
Wands
 a - a wand of confusion (14/48)
Scrolls
 g - 3 scrolls of identify {unknown}
 j - 3 scrolls of remove curse {unknown}
 s - a scroll of blinking {unknown}
 t - a scroll of random uselessness {unknown}
 w - a scroll of fear {unknown}
Books
 b - Jueloesk's Catalogue of Creation

   Spells                             Type                      Level
   a - Summon Butterflies             Summoning                    1
   b - Call Canine Familiar           Summoning                    3
Comestibles
 f - 2 bread rations


   Skills:
 + Level 5.0 Fighting
 + Level 1.3 Short Blades
 + Level 2.6 Long Blades
 + Level 1.7 Axes
 + Level 1.3 Maces & Flails
 + Level 1.7 Polearms
 + Level 0.8 Staves
 + Level 1.3 Slings
 + Level 1.3 Bows
 + Level 2.0 Crossbows
 + Level 3.7 Throwing
 + Level 4.0 Armour
 + Level 1.7 Dodging
 + Level 1.7 Stealth
   Level 0.0 Stabbing
 + Level 0.0 Shields
   Level 0.0 Traps
 + Level 2.0 Unarmed Combat
 + Level 5.2 Spellcasting
 + Level 1.7 Conjurations
 + Level 2.3 Hexes
 + Level 2.3 Charms
 + Level 4.5 Summonings
 + Level 2.0 Necromancy
 + Level 1.7 Translocations
 + Level 1.3 Transmutations
 + Level 2.6 Fire Magic
 + Level 1.3 Ice Magic
 + Level 2.8 Air Magic
 + Level 4.0 Earth Magic
 + Level 1.7 Poison Magic
 + Level 2.3 Invocations
 + Level 3.3 Evocations


You had 11 spell levels left.
You knew the following spells:

 Your Spells              Type           Power        Failure   Level  Hunger
a - Summon Butterflies    Summ           ###.....     2%          1    None
b - Call Canine Familiar  Summ           ###.....     7%          3    ###....


Dungeon Overview and Level Annotations

Branches:
Dungeon (4/15)             Temple (1/1) D:4

Altars:
Ashenzari
Cheibriados
Dithmenos
Elyvilon
Fedhas
Gozag
Hepliaklqana
Makhleb
Nemelex Xobeh
Okawaru
Qazlal
Sif Muna
Trog
Vehumet
Xom
Yredelemnul
Zin
The Shining One

Annotations:
D:2 Sigmund


Innate Abilities, Weirdness & Mutations

Your experience applies equally to all skills.
((You have very sharp teeth.))
Your uncanny sense of smell can sniff out nearby items.


Message History

* * * LOW HITPOINT WARNING * * *
It was a potion of lignification.
You turn into a tree.
Your +0 pair of boots melds into your body.
Your +0 ring mail melds into your body.
Your roots penetrate the ground.
The orc hits you but does no damage.
You aren't carrying any potions.
Okay, then.
You closely miss the orc priest.
The orc priest is almost dead.
The orc hits you but does no damage.
The orc priest hits you but does no damage.
The orc wizard mumbles some strange words.
The orc wizard seems to speed up.
You hit the orc priest but do no damage.
The orc priest is almost dead.
The orc hits you but does no damage.
The orc wizard hits you but does no damage.
The orc priest invokes the aid of Beogh against you.
Beogh smites you!
You die...

#...........o....#
#...#.%......#
#............#
..>...#......#
.............# #.
....#.#......#
....#####.#l######
#......o#o# # ###..o♣.# #
#....#..# .. #
#....##.#####..# #
#....##.).....# #
#.....#...####### ##
#####...........## ##.
###..#'####.>.####..
###...##.###..........
.####...###...##.#.#...8>8


You could see an orc priest, an orc wizard, an orc and a leopard gecko.

Vanquished Creatures
  2 orc priests (D:3)
  2 orc wizards
  An iguana (D:4)
  A worker ant (D:2)
  A hound skeleton (D:4)
  2 adders
  2 dart slugs
  5 orcs
  A ball python (D:1)
  2 giant cockroaches (D:1)
  8 goblins
  7 hobgoblins
  6 jackals
  6 bats
  6 frilled lizards
  9 kobolds
  A quokka skeleton (D:4)
  6 rats
68 creatures vanquished.

Vanquished Creatures (collateral kills)
  An orc warrior (D:2)
  A scorpion (D:2)
  A leopard gecko (D:1)
  A kobold (D:1)
4 creatures vanquished.

Grand Total: 72 creatures vanquished

Notes
Turn   | Place    | Note
-------+----------+-------------------------------------------
     0 | D:1      | tatters the Gnoll Wanderer began the quest for the Orb.
     0 | D:1      | tatters set off with: a wand of confusion (15/48), Jueloesk's Catalogue of Creation, a +0 ring mail, a +0 club, a bread ration
     0 | D:1      | Reached XP level 1. HP: 20/20 MP: 6/6
     0 | D:1      | Identified Jueloesk's Catalogue of Creation
    41 | D:1      | Reached skill level 1 in Dodging
    47 | D:1      | Reached skill level 1 in Necromancy
    55 | D:1      | Learned a level 1 spell: Summon Butterflies
   101 | D:1      | Reached skill level 5 in Spellcasting
   101 | D:1      | Reached XP level 2. HP: 12/26 MP: 8/8
   690 | D:1      | Reached skill level 1 in Invocations
   723 | D:1      | Reached XP level 3. HP: 24/31 MP: 9/9
   876 | D:1      | Reached skill level 1 in Translocations
   887 | D:1      | Reached skill level 1 in Long Blades
   901 | D:1      | Reached skill level 1 in Fire Magic
   907 | D:1      | Learned a level 3 spell: Call Canine Familiar
  1217 | D:2      | Noticed Sigmund
  1348 | D:2      | Reached skill level 1 in Slings
  1348 | D:2      | Reached skill level 1 in Unarmed Combat
  1348 | D:2      | Reached XP level 4. HP: 36/38 MP: 6/11
  1373 | D:2      | Reached skill level 1 in Charms
  1484 | D:2      | Reached skill level 1 in Axes
  1484 | D:2      | Reached skill level 1 in Ice Magic
  1484 | D:2      | Reached skill level 1 in Air Magic
  1858 | D:3      | Reached XP level 5. HP: 41/43 MP: 12/12
  1905 | D:3      | Noticed an orc warrior
  1984 | D:2      | Killed an orc warrior
  1984 | D:2      | Reached skill level 1 in Maces & Flails
  1984 | D:2      | Reached skill level 1 in Polearms
  1984 | D:2      | Reached skill level 1 in Hexes
  1984 | D:2      | Reached skill level 1 in Transmutations
  2258 | D:2      | Reached skill level 1 in Stealth
  2258 | D:2      | Reached skill level 1 in Poison Magic
  2266 | D:3      | Reached skill level 1 in Crossbows
  2266 | D:3      | Reached XP level 6. HP: 28/50 MP: 7/13
  2536 | D:3      | Reached skill level 5 in Fighting
  2536 | D:3      | Reached skill level 1 in Short Blades
  2588 | D:4      | Found a staircase to the Ecumenical Temple.
  2597 | Temple   | Entered the Ecumenical Temple
  2828 | Temple   | Became a worshipper of Cheibriados the Contemplative
  2981 | D:4      | Reached skill level 1 in Bows
  2993 | D:4      | Reached skill level 1 in Conjurations
  3101 | D:4      | Killed from afar by an orc priest

Vault maps used:
D:1:      dpeg_arrival_prison, minmay_tromino_v2
D:2:      serial_bayou_lagoon_a, uniq_sigmund
D:3:      tgw_trog
D:4:      temple_statues, first_bread, grunt_ministairs_14, minmay_box_of_dots
Temple:   dpeg_five_rooms_temple

Skill      XL: |  1  2  3  4  5  6 |
---------------+-------------------+-----
Dodging        | 1 |  1.7
Necromancy     | 1 2 |  2.0
Spellcasting   | 5 |  5.2
Invocations    | 1 2 |  2.3
Translocations | 1 |  1.7
Long Blades    | 1 2 |  2.6
Fire Magic     | 2 |  2.6
Armour         | 3 4 |  4.0
Slings         | 1 |  1.3
Unarmed Combat | 1 2 |  2.0
Evocations     | 3 |  3.3
Charms         | 1 2 |  2.3
Axes           | 1 |  1.7
Throwing       | 3 |  3.7
Ice Magic      | 1 |  1.3
Air Magic      | 1 2 |  2.8
Earth Magic    | 3 4 |  4.0
Maces & Flails | 1 |  1.3
Polearms       | 1 |  1.7
Hexes          | 1 2 |  2.3
Transmutations | 1 |  1.3
Stealth        | 1 |  1.7
Poison Magic   | 1 |  1.7
Crossbows      | 1 2 |  2.0
Fighting       | 5 |  5.0
Short Blades   | 1 |  1.3
Bows           | 1 |  1.3
Conjurations   | 1 |  1.7
Staves         | |  0.8
Summonings     | |  4.5

Action                   |  1- 3 |  4- 6 || total
-------------------------+-------+-------++-------
Melee: Club              |   214 |       ||   214
       Bite              |    17 |     6 ||    23
       Whip              |     7 |   114 ||   121
       Dagger            |       |     4 ||     4
       Punch             |       |     1 ||     1
 Cast: Summon Butterflie |     1 |     2 ||     3
       Call Canine Famil |     5 |    11 ||    16
Invok: Bend Time         |       |     1 ||     1
Evoke: Wand              |     1 |       ||     1
  Use: Potion            |       |     1 ||     1
 Stab: Confused          |     1 |       ||     1
  Eat: Chunk             |     2 |       ||     2
       Bread ration      |       |     2 ||     2
Armor: Ring mail         |    99 |    39 ||   138
       Skin              |       |     3 ||     3
Dodge: Dodged            |   191 |    72 ||   263

Table legend:
 A = Spawn XP
 B = Non-spawn XP
 C = Spawn XP percentage of total XP
 D = Spawn monster count
 E = Non-spawn monster count
 F = Spawn count percentage of total count
 G = Total turns spent on level
                    A         B        C        D         E        F      G
               +---------+---------+-------+---------+---------+-------+---------
         Total |       0 |     499 |   0.0 |       0 |      72 |   0.0 |  3101
               +---------+---------+-------+---------+---------+-------+---------
           D:1 |       0 |      64 |   0.0 |       0 |      39 |   0.0 |  1272
           D:2 |       0 |     215 |   0.0 |       0 |      17 |   0.0 |   879
           D:3 |       0 |     116 |   0.0 |       0 |      11 |   0.0 |   411
           D:4 |       0 |     104 |   0.0 |       0 |       5 |   0.0 |   258
               +---------+---------+-------+---------+---------+-------+---------
